 Dungeon Crawl Stone Soup version 0.20.1-2-g1830e616b0 (webtiles) character file.

36 Pixllover the Cudgeler (level 3, 0/33 HPs)
             Began as a Minotaur Berserker on June 16, 2019.
             Was a Believer of Trog.
             Slain by a goblin (4 damage)
             ... led by Robin
             ... on level 2 of the Dungeon.
             The game lasted 00:02:42 (1154 turns).

Pixllover the Cudgeler (Minotaur Berserker)         Turns: 1154, Time: 00:02:43

Health: 0/33       AC:  5    Str: 22    XL:     3   Next: 19%
Magic:  2/2        EV: 11    Int:  4    God:    Trog [**....]
Gold:   53         SH:  0    Dex:  9    Spells: 2/2 levels left

rFire    . . .     SeeInvis .   n - +2 spear (venom)
rCold    . . .     Gourm    +   (no shield)
rNeg     . . .     Faith    .   g - +0 ring mail
rPois    .         Spirit   .   (helmet restricted)
rElec    .         Reflect  .   (no cloak)
rCorr    .         Harm     .   (no gloves)
MR       .....                  (no boots)
Stlth    ..........             f - amulet of the gourmand
Regen    0.2/turn               l - ring of wizardry
MPRegen  0.1/turn               (no ring)

@: no status effects
A: retaliatory headbutt, horns 2
a: Berserk, Trog's Hand, Burn Spellbooks, Renounce Religion


You were on level 2 of the Dungeon.
You worshipped Trog.
Trog was pleased with you.
You were completely stuffed.

You visited 1 branch of the dungeon, and saw 2 of its levels.

You collected 53 gold pieces.

Inventory:

Hand Weapons
 a - a +0 mace
 n - a +2 spear of venom (weapon)
Armour
 b - a +0 animal skin
 g - a +0 ring mail (worn)
Jewellery
 f - an amulet of the gourmand (around neck)
 l - a ring of wizardry (left hand)
Scrolls
 i - 2 scrolls of identify {unknown}
 k - a scroll of remove curse {unknown}
 m - a scroll of teleportation {unknown}
Potions
 e - 2 potions of agility {unknown}
 h - a potion of berserk rage {unknown}
Comestibles
 c - a bread ration
 d - 3 fruits
 o - a royal jelly


   Skills:
 + Level 4.1 Fighting
 + Level 4.4 Maces & Flails
 + Level 2.8 Armour
 + Level 2.4 Dodging


You had 2 spell levels left.
You didn't know any spells.

Dungeon Overview and Level Annotations

Branches:
Dungeon (2/15)

Altars:
Okawaru

Annotations:
D:2 Robin


Innate Abilities, Weirdness & Mutations

You reflexively headbutt those who attack you in melee.
You have a pair of horns on your head.


Message History

The goblin hits you.
You barely miss the goblin. The goblin hits you with a club!
* * * LOW HITPOINT WARNING * * *
The goblin closely misses you. The goblin barely misses you.
You furiously retaliate!
You headbutt the goblin.
You kill the goblin!
Trog accepts your kill. The goblin hits you but does no damage.
The goblin closely misses you.
You hit Robin.
Robin is poisoned.
Robin is moderately wounded.
The goblin completely misses you. You furiously retaliate!
You headbutt the goblin!
You kill the goblin!
Trog accepts your kill. The goblin closely misses you.
Robin hits you but does no damage. The goblin closely misses you.
The goblin hits you but does no damage.
You hit Robin. Your headbutt misses Robin.
Robin is moderately wounded.
The goblin hits you but does no damage. The goblin hits you.
You die...

#.#.#
#.#.#
#.#.#
#.#'#
#########
#....
#.......#
#....
#.......#
#....
#...))..#
#.#+#
#...g@g.#
#.#
#...ggg.#
#.#
###...#.#
#.#
#...#.#
#.#
#...#.#
#...#.#
#...#)#
#...#.#
###.#.#


You could see Robin and 4 goblins.

Vanquished Creatures
  2 ball pythons (D:1)
  2 bats (D:1)
  2 giant cockroaches
  8 goblins
  3 hobgoblins
  3 jackals (D:1)
  3 frilled lizards (D:1)
  3 kobolds
  7 rats
33 creatures vanquished.

Notes
Turn   | Place    | Note
-------+----------+-------------------------------------------
     0 | D:1      | Pixllover the Minotaur Berserker began the quest for the Orb.
     0 | D:1      | Reached XP level 1. HP: 19/19 MP: 0/0
   341 | D:1      | Reached XP level 2. HP: 26/27 MP: 1/1
   805 | D:2      | Found an iron altar of Okawaru.
  1082 | D:2      | Reached ** piety under Trog
  1146 | D:2      | Noticed Robin
  1149 | D:2      | Reached XP level 3. HP: 21/33 MP: 2/2
  1154 | D:2      | Slain by a goblin

Skill      XL: |  1  2 |
---------------+-------+-----
Maces & Flails | 4 |  4.4
Fighting       | 4 |  4.1
Armour         | |  2.8
Dodging        | |  2.4

Action                   || total
-------------------------++-------
Melee: Mace              ||    35
       Headbutt          ||     2
       Spear             ||    26
  Eat: Chunk             ||    13
Armor: Ring mail         ||    38
       Animal skin       ||     1
Dodge: Dodged            ||    56
